 Dungeon Crawl Stone Soup version 0.31-a0-236-g9a0961fb85 (webtiles) character file.

Game seed: 14958565967776086820

197 qw the Shooter (level 5, 0/45 HPs)
             Began as a Minotaur Hexslinger on July 10, 2023.
             Succumbed to an orc's poison
             ... on level 4 of the Dungeon.
             The game lasted 00:01:07 (2284 turns).

qw the Shooter (Minotaur Hexslinger)                Turns: 2284, Time: 00:01:07

Health: 0/45       AC:  5    Str: 13    XL:     5   Next: 46%
Magic:  5/5        EV: 11    Int: 10    God:
Gold:   154        SH:  0    Dex: 14    Spells: 5/6 levels left

rFire   . . .        Y - +2 sling (drain)
rCold   . . .        (no shield)
rNeg    . . .        a - +0 ring mail
rPois   .            (helmet restricted)
rElec   .            (no cloak)
rCorr   .            (no gloves)
SInv    .            (no boots)
Will    .....        (no amulet)
Stlth   +            (no ring)
HPRegen 0.27/turn    (no ring)
MPRegen 0.09/turn

%: no passive effects
@: lethally poisoned (0 -> -1)
A: horns 2, retaliatory headbutt
a: no special abilities


You were on level 4 of the Dungeon.
You visited 1 branch of the dungeon, and saw 4 of its levels.

You collected 154 gold pieces.


Innate Abilities, Weirdness & Mutations

You have a pair of horns on your head.
You reflexively headbutt those who attack you in melee.


   Skills:
 - Level 3.2 Fighting
 + Level 5.5 Ranged Weapons
 - Level 1.1 Armour
 - Level 2.1 Dodging
 - Level 1.0 Spellcasting
 - Level 2.0 Hexes


You had 5 spell levels left.
You knew the following spells:

 Your Spells              Type           Power      Damage    Failure   Level
a - Slow                  Hex            16%        N/A       32%         1

Your spell library contained the following spells:

 Spells                   Type           Power      Damage    Failure   Level
 Inner Flame              Hex/Fire       2%         N/A       82%         3
 Portal Projectile        Hex/Tloc       4%         N/A       82%         3
 Cause Fear               Hex            2%         N/A       97%         4

Inventory:

Hand Weapons
 Y - a +2 sling of draining (weapon)
Armour
 a - a +0 ring mail (worn)
Scrolls
 g - 6 scrolls of identify
Potions
 d - a potion of enlightenment

Dungeon Overview and Level Annotations

Branches:
Dungeon (4/15)
 Temple: D:4-7

Altars:


Message History

The dart slug is moderately wounded.
The orc hits you with a +2 whip of venom.
You are poisoned.
The dart slug bites you.
You shoot a sling bullet. The sling bullet hits the dart slug.
The dart slug is heavily wounded.
You feel very sick.
The orc hits you with a +2 whip of venom.
You are more poisoned.
The dart slug closely misses you. The orc closely misses you.
You furiously retaliate!
You headbutt the orc!
You kill the orc!
You shoot a sling bullet.
The sling bullet completely misses the dart slug.
You feel very sick. The dart slug launches a dart at you.
The slug dart misses you.
You shoot a sling bullet. The sling bullet hits the dart slug.
The dart slug is severely wounded.
You feel very sick. The iguana misses you. You furiously retaliate!
You headbutt the iguana! The dart slug bites you.
You shoot a sling bullet.
The sling bullet hits the dart slug but does no damage.
You drain the dart slug.
The dart slug is almost dead.
You feel very sick. The iguana bites you. The iguana bites you!
You shoot a sling bullet. The sling bullet hits the dart slug.
You kill the dart slug!
You feel sick. The iguana barely misses you.
You shoot a sling bullet. The sling bullet hits the iguana!
You kill the iguana!
You feel sick.
There is a lethal amount of poison in your body!
You feel sick.
There is a lethal amount of poison in your body!
You feel sick.
There is a lethal amount of poison in your body!
You die...

#.#.## ##.# ..
#.#..###..# .
####<........###### ##
#.#....##....#.......
...#.#.##>####..#.......
...... #..# #..........
..))##.## #..##.......
.##.)#.# #..###.......
#)@.# #.# #.......
##......# ##...<...
##...##........... #...#
.########.. ...... ###
.#..### ####.. # ..#
######....# ..#
#......#### #..######


There were no monsters in sight!

Vanquished Creatures
  Ijyb (D:4)
  An iguana (D:4)
  An orc wizard (D:3)
  3 adders
  2 dart slugs
  12 orcs
  3 ball pythons
  4 bats
  7 endoplasms
  2 giant cockroaches (D:3)
  6 goblins
  9 hobgoblins
  6 jackals (D:2)
  5 quokkas
  3 frilled lizards
  5 kobolds
  2 rats
72 creatures vanquished.

Notes
Turn   | Place    | Note
-------+----------+-------------------------------------------
     0 | D:1      | qw the Minotaur Hexslinger began the quest for the Orb.
     0 | D:1      | Reached XP level 1. HP: 16/16 MP: 1/1
     0 | D:1      | 0 ||| qw: Version: 0.3-a-52-g30416fa
     0 | D:1      | 0 ||| qw: Game counter: 4623
     0 | D:1      | 0 ||| qw: Melee chars always use a shield: true
     0 | D:1      | 0 ||| qw: God list: Okawaru
     0 | D:1      | 0 ||| qw: Allow faded altars: false
     0 | D:1      | 0 ||| qw: Do Orc after clearing Dungeon:15 true
     0 | D:1      | 0 ||| qw: Do second Lair branch before Depths: true
     0 | D:1      | 0 ||| qw: Lair rune preference: random
     0 | D:1      | 0 ||| qw: Goals: Normal
     0 | D:1      | 0 ||| PLANNING D:1-11
   142 | D:1      | Reached skill level 3 in Ranged Weapons
   142 | D:1      | Reached XP level 2. HP: 23/23 MP: 2/2
   412 | D:1      | 412 ||| FLEEEEING.
   441 | D:1      | 441 ||| FLEEEEING.
   442 | D:1      | 442 ||| FLEEEEING.
   443 | D:1      | 443 ||| FLEEEEING.
   482 | D:1      | 482 ||| FLEEEEING.
   483 | D:1      | 483 ||| FLEEEEING.
   484 | D:1      | 484 ||| FLEEEEING.
   485 | D:1      | 485 ||| FLEEEEING.
   812 | D:1      | 812 ||| UPGRADING to +0 leather armour.
   822 | D:1      | 822 ||| DROPPING +0 robe.
   823 | D:1      | 823 ||| READING scroll labelled PORIRI TIBRE.
   824 | D:1      | 824 ||| READING 3 scrolls labelled SINICS SANUNOT.
   825 | D:1      | 825 ||| READING scroll labelled XUZ EDUNEWA.
   826 | D:1      | 826 ||| READING scroll labelled DUSTRU TO ZAGU.
   827 | D:1      | 827 ||| READING scroll labelled GOGAMU TIVIV ESCH.
   828 | D:1      | 828 ||| READING scroll labelled YNUIRUZ SUFIAR.
   833 | D:1      | 833 ||| READING 2 scrolls of identify.
   833 | D:1      | 833 ||| IDENTIFYING clear potion
   834 | D:1      | 834 ||| DROPPING scroll of poison.
   867 | D:2      | Reached XP level 3. HP: 29/29 MP: 3/3
   889 | D:2      | Found a faded altar of an unknown god.
   999 | D:2      | Reached skill level 4 in Ranged Weapons
  1478 | D:2      | 1478 ||| READING 2 scrolls labelled OCIULETUHA.
  1479 | D:2      | 1479 ||| READING scroll of brand weapon.
  1479 | D:2      | 1479 ||| BRANDING +2 sling of freezing.
  1502 | D:3      | Reached XP level 4. HP: 36/36 MP: 4/4
  1504 | D:3      | 1504 ||| STAIRDANCE
  1544 | D:2      | 1544 ||| UPGRADING to +0 ring mail.
  1554 | D:2      | 1554 ||| DROPPING +0 leather armour.
  1560 | D:3      | 1560 ||| STAIRDANCE
  1604 | D:3      | Reached skill level 1 in Armour
  1626 | D:3      | Reached skill level 5 in Ranged Weapons
  2021 | D:3      | 2021 ||| READING scroll labelled GUIDOSOTTI.
  2022 | D:3      | 2022 ||| READING scroll labelled VEALON QIRECEH.
  2023 | D:3      | 2023 ||| READING scroll labelled FINUMIESAGG.
  2024 | D:3      | 2024 ||| READING scroll labelled LYDWEPNEWN.
  2061 | D:4      | Noticed Ijyb
  2067 | D:4      | 2067 ||| READING scroll of teleportation.
  2068 | D:4      | 2068 ||| FLEEEEING.
  2069 | D:4      | 2069 ||| FLEEEEING.
  2070 | D:4      | 2070 ||| FLEEEEING.
  2071 | D:4      | 2071 ||| FLEEEEING.
  2072 | D:4      | 2072 ||| FLEEEEING.
  2079 | D:4      | 2079 ||| FLEEEEING.
  2080 | D:4      | 2080 ||| FLEEEEING.
  2081 | D:4      | 2081 ||| FLEEEEING.
  2117 | D:4      | 2117 ||| FLEEEEING.
  2128 | D:4      | Killed Ijyb
  2129 | D:4      | Reached skill level 3 in Fighting
  2129 | D:4      | Reached XP level 5. HP: 32/45 MP: 5/5
  2279 | D:4      | HP: 4/45 [iguana (11)]
  2282 | D:4      | HP: 1/45 [poisoned by an orc]
  2284 | D:4      | Succumbed to an orc's poison

Levels and vault maps discovered:
D:1:      minmay_arrival_doors, layout_basic
D:2:      layout_loops_ring, chequers_ecumenical_altar_twisty,
          grunt_decor_one_mirror, minmay_split_cup_small
D:3:      layout_rooms
D:4:      layout_rooms, uniq_ijyb

Skill      XL: |  1  2  3  4 |
---------------+-------------+-----
Ranged Weapons | 3 4 5 |  5.5
Fighting       | 2 3 |  3.2
Armour         | 1 |  1.1
Dodging        | |  2.1
Spellcasting   | |  1.0
Hexes          | |  2.0

Action                     |  1- 3 |  4- 6 || total
---------------------------+-------+-------++-------
  Melee: Unarmed           |       |    25 ||    25
   Fire: Sling             |   121 |    89 ||   210
    Use: Scroll            |     9 |     5 ||    14
 Armour: Robe              |     5 |       ||     5
         Leather armour    |     9 |       ||     9
         Ring mail         |       |    14 ||    14
         Skin              |       |     2 ||     2
  Dodge: Dodged            |    33 |    46 ||    79

Table legend:
 A = Non-vault XP
 B = Vault XP
 C = Vault XP percentage of total XP
 D = Non-vault monster count
 E = Vault monster count
 F = Vault count percentage of total count
                 A         B        C        D         E       F
            +---------+---------+-------+---------+---------+-------
      Total |     239 |      43 |  15.2 |      68 |       4 |   5.6
            +---------+---------+-------+---------+---------+-------
        D:1 |      39 |       0 |   0.0 |      21 |       0 |   0.0
        D:2 |      50 |       5 |   9.1 |      20 |       3 |  13.0
        D:3 |      89 |       0 |   0.0 |      17 |       0 |   0.0
        D:4 |      61 |      38 |  38.4 |      10 |       1 |   9.1
            +---------+---------+-------+---------+---------+-------
